 Dungeon Sprint DCSS version 0.22-a0-265-g0d8bc90 (webtiles) character file.

163 Ghella the Skirmisher (level 5, -7/39 HPs)
             Began as a Gargoyle Berserker on Mar 7, 2018.
             Was a Priest of Trog.
             Mangled by a spriggan
             ... wielding a +0 dagger
              (10 damage)
             ... in the Dungeon (Sprint IV: "Fedhas' Mad Dash").
             The game lasted 00:01:32 (1047 turns).

Ghella the Skirmisher (Gargoyle Berserker)          Turns: 1047, Time: 00:01:33

Health: -7/39      AC:  6    Str: 22    XL:     5   Next: 44%
Magic:  5/5        EV: 12    Int:  7    God:    Trog [***...]
Gold:   32         SH:  0    Dex:  9    Spells: 4/4 levels left

rFire    . . .     SeeInvis .   a - +0 hand axe
rCold    . . .     Gourm    .   (no shield)
rNeg     + . .     Faith    .   b - +0 animal skin
rPois    ∞         Spirit   .   (no helmet)
rElec    +         Reflect  .   (no cloak)
rCorr    .         Harm     +   (no gloves)
MR       .....     NoTele   +   (no boots)
Stlth    ++........             c - amulet of harm
HPRegen  0.13/turn              (no ring)
MPRegen  0.09/turn              (no ring)

@: starving
A: negative energy resistance 1, electricity resistance, unbreathing,
petrification resistance, rot immunity, AC +4
a: Berserk, Trog's Hand, Renounce Religion


You were in the Dungeon.
You worshipped Trog.
Trog was most pleased with you.
You were starving.

You visited 1 branch You collected 32 gold pieces.

Inventory:

Hand Weapons
 a - a +0 hand axe (weapon)
Armour
 b - a +0 animal skin (worn)
Jewellery
 c - an amulet of harm (around neck)
 j - the amulet of invisibility {+Inv}
   (You found it in the Dungeon)

   [amulet of nothing]

   It lets you turn invisible.
Scrolls
 i - a scroll of blinking
Potions
 d - a potion of curing
 f - a potion of haste
 g - 2 potions of magic
 h - 2 potions of berserk rage


   Skills:
 + Level 7.7 Fighting
 + Level 6.6 Axes
 * Level 5.7 Armour
 - Level 1.5 Dodging
 + Level 1.9 Stealth
 + Level 0.4 Evocations


You had 4 spell levels left.
You didn't know any spells.

Dungeon Overview and Level Annotations

Branches:
Dungeon (1/1)

Altars:
Cheibriados
Dithmenos
Elyvilon
Gozag
Hepliaklqana
Kikubaaqudgha
Makhleb
Nemelex Xobeh
Okawaru
Qazlal
Ru
Sif Muna
Trog
Uskayaw
Vehumet
Wu Jian
Xom
Yredelemnul
Zin
The Shining One
Beogh
Jiyva
Lugonu


Innate Abilities, Weirdness & Mutations

You are resistant to torment.
Your stone body is resilient. (AC +4)
You are immune to poison.
You resist negative energy. (rN+)
You are resistant to electric shocks. (rElec)
You can survive without breathing.
You are immune to petrification.
You are immune to rotting.


Message History

Unknown command.
You feel better.
The scorpion stings you but does no damage.
The spriggan closely misses you.
You hit the scorpion but do no damage.
The scorpion is severely wounded.
You hit the spriggan.
The scorpion stings you but does no damage.
The spriggan hits you with a dagger!
* * * LOW HITPOINT WARNING * * *
You closely miss the scorpion.
The scorpion is severely wounded.
You closely miss the spriggan. The scorpion closely misses you.
The spriggan hits you with a dagger!
* * * LOW HITPOINT WARNING * * *
You closely miss the scorpion.
The scorpion is severely wounded.
You closely miss the spriggan. The scorpion completely misses you.
The spriggan hits you with a dagger!
You die...

#####################
.⌠._._._._.⌠.#..@s..#
.._._._._._..'..#i.$#
..._._._._...#..###+#
.._._._._._..#.(#
._._._._._.⌠.####
##############


You could see a spriggan and a scorpion.

Vanquished Creatures
  3 oklob saplings (D)
  A worker ant (D)
  A spriggan (D)
  A river rat (D)
  A rat (D)
7 creatures vanquished.

Notes
Turn   | Place    | Note
-------+----------+-------------------------------------------
     0 | D        | Ghella the Gargoyle Berserker began the quest for the Orb.
     0 | D        | Reached XP level 1. HP: 14/14 MP: 1/1
     9 | D        | Reached skill level 4 in Fighting
     9 | D        | Reached XP level 2. HP: 20/20 MP: 2/2
   216 | D        | Noticed an oklob sapling
   220 | D        | Killed an oklob sapling
   220 | D        | Reached ** piety under Trog
   220 | D        | Reached skill level 5 in Fighting
   220 | D        | Reached XP level 3. HP: 26/26 MP: 3/3
   397 | D        | Found the amulet of invisibility {+Inv}
   406 | D        | Reached skill level 6 in Fighting
   406 | D        | Reached skill level 5 in Axes
   406 | D        | Reached XP level 4. HP: 13/32 MP: 4/4
   761 | D        | Found an opulent altar of Gozag.
   761 | D        | Found a hazy altar of Hepliaklqana.
   761 | D        | Found a burning altar of Makhleb.
   761 | D        | Found a roughly hewn altar of Beogh.
   761 | D        | Found a sparkling altar of Nemelex Xobeh.
   761 | D        | Found a snail-covered altar of Cheibriados.
   761 | D        | Found a sacrificial altar of Ru.
   761 | D        | Found a deep blue altar of Sif Muna.
   761 | D        | Found a shimmering altar of Xom.
   761 | D        | Found a basalt altar of Yredelemnul.
   762 | D        | Found a viscous altar of Jiyva.
   762 | D        | Found a bloodstained altar of Trog.
   762 | D        | Found an ornate altar of the Wu Jian Council.
   762 | D        | Noticed an oklob sapling priest
   764 | D        | Found an iron altar of Okawaru.
   764 | D        | Found a shadowy altar of Dithmenos.
   764 | D        | Found a glowing silver altar of Zin.
   765 | D        | Found an ancient bone altar of Kikubaaqudgha.
   765 | D        | Found a hide-covered altar of Uskayaw.
   766 | D        | Found a stormy altar of Qazlal.
   766 | D        | Found a white marble altar of Elyvilon.
   766 | D        | Found a glowing golden altar of the Shining One.
   767 | D        | Found a corrupted altar of Lugonu.
   767 | D        | Found a radiant altar of Vehumet.
   774 | D        | Killed an oklob sapling priest
   774 | D        | Reached skill level 7 in Fighting
   774 | D        | Reached skill level 5 in Armour
   939 | D        | Reached skill level 1 in Stealth
   939 | D        | Reached XP level 5. HP: 17/38 MP: 2/5
  1038 | D        | Reached *** piety under Trog
  1047 | D        | Mangled by a spriggan

Vault maps used:
D:        dungeon_sprint_fedhas

Skill      XL: |  1  2  3  4 |
---------------+-------------+-----
Fighting       | 4 5 6 7 |  7.7
Axes           | 3 4 5 6 |  6.6
Armour         | 3 4 5 |  5.7
Stealth        | 1 |  1.9
Dodging        | |  1.5
Evocations     | |  0.4

Action                   |  1- 3 |  4- 6 || total
-------------------------+-------+-------++-------
Melee: Hand axe          |    16 |    25 ||    41
Invok: Berserk           |     3 |     2 ||     5
       Trog's Hand       |       |     1 ||     1
 Abil: Evoke Invisibilit |       |     1 ||     1
  Use: Potion            |       |     2 ||     2
 Stab: Invisible         |       |     1 ||     1
       Sleeping          |       |     1 ||     1
  Eat: Ration            |       |     1 ||     1
Armor: Animal skin       |     2 |     7 ||     9
Dodge: Dodged            |     7 |    19 ||    26

Table legend:
 A = Spawn XP
 B = Non-spawn XP
 C = Spawn XP percentage of total XP
 D = Spawn monster count
 E = Non-spawn monster count
 F = Spawn count percentage of total count
 G = Total turns spent on level
                    A         B        C        D         E        F      G
               +---------+---------+-------+---------+---------+-------+---------
         Total |       0 |     234 |   0.0 |       0 |       7 |   0.0 |  1047
               +---------+---------+-------+---------+---------+-------+---------
             D |       0 |     234 |   0.0 |       0 |       7 |   0.0 |  1047
               +---------+---------+-------+---------+---------+-------+---------
